 Dungeon Crawl Stone Soup version 0.24-a0-278-gefa1973 (webtiles) character file.

Game seed: 16643345669695568857

27433 Hasart the Arsonist (level 13, -6/63 HPs)
             Began as a Deep Elf Fire Elementalist on Apr 30, 2019.
             Was an Elder of Sif Muna.
             Killed from afar by a salamander mystic (23 damage)
             ... with a bolt of magma
             ... in a volcano.
             The game lasted 00:56:46 (15543 turns).

Hasart the Arsonist (Deep Elf Fire Elementalist)   Turns: 15543, Time: 00:56:48

Health: -6/63      AC: 10    Str:  4    XL:     13   Next: 4%
Magic:  11/29      EV: 20    Int: 25    God:    Sif Muna [****..]
Gold:   1124       SH:  0    Dex: 25    Spells: 15/33 levels left

rFire    + + .     SeeInvis +   G - +7 long sword of Dullness {freeze, rPois rF+ Dex+4 Stlth-}
rCold    x . .     Gourm    .   (no shield)
rNeg     + . .     Faith    .   T - +0 troll leather armour
rPois    +         Spirit   .   S - +2 hat {SInv}
rElec    .         Reflect  .   F - +2 ratskin cloak {+Rats rPois rN+ Str-1 Int-1 Dex+1}
rCorr    .         Harm     .   O - +0 pair of gloves {Dex+3}
MR       +....                  (no boots)
Stlth    ++........             q - amulet of magic regeneration
HPRegen  0.60/turn              C - +2 ring of dexterity
MPRegen  0.46/turn              L - ring of fire

@: no status effects
A: no striking features
a: Divine Energy, Channel Magic, Forget Spell, Renounce Religion, Evoke Ratskin


You were in a volcano.
You worshipped Sif Muna.
Sif Muna was greatly pleased with you.
You were hungry.

You visited 3 branches of the dungeon, and saw 17 of its levels.
You also visited: Volcano.

You collected 1124 gold pieces.

Inventory:

Hand Weapons
 G - the +7 long sword of Dullness (weapon) {freeze, rPois rF+ Dex+4 Stlth-}
   (You found it on level 6 of the Dungeon)

   It has been specially enchanted to freeze those struck by it, causing extra
   injury to most foes and up to half again as much damage against particularly
   susceptible opponents.
   It can also slow down cold-blooded creatures.
   It affects your dexterity (+4).
   It protects you from fire.
   It protects you from poison.
   It makes you less stealthy.
Armour
 p - a +1 leather armour of poison resistance
 F - the +2 ratskin cloak (worn) {+Rats rPois rN+ Str-1 Int-1 Dex+1}
   (You found it on level 5 of the Dungeon)

   It affects your strength (-1).
   It affects your intelligence (-1).
   It affects your dexterity (+1).
   It protects you from poison.
   It protects you from negative energy.
 N - the +3 ring mail of Hocusmar {rC- rN+ Regen+ Str+5}
   (You found it on level 5 of the Lair of Beasts)

   It affects your strength (+5).
   It makes you vulnerable to cold.
   It protects you from negative energy.
   It increases your rate of regeneration.
 O - a +0 pair of gloves of dexterity (worn)
 S - a +2 hat of see invisible (worn)
 T - a +0 troll leather armour (worn)
Magical Staves
 A - an uncursed staff of poison
Jewellery
 q - an amulet of magic regeneration (around neck)
 C - a +2 ring of dexterity (left hand)
 L - a ring of fire (right hand)
Wands
 m - a wand of polymorph (12)
 x - a wand of iceblast (14)
 K - a wand of enslavement (12)
 P - a wand of acid (7)
Scrolls
 b - 6 scrolls of remove curse
 d - 4 scrolls of teleportation
 g - 4 scrolls of blinking
 h - 4 scrolls of amnesia
 i - 3 scrolls of immolation
 k - 6 scrolls of enchant armour
 r - a scroll of fear
 s - 2 scrolls of enchant weapon
 t - 10 scrolls of identify
 y - a scroll of fog
 H - a scroll of noise
 J - 2 scrolls of magic mapping
Potions
 a - a potion of heal wounds {unknown}
 e - 5 potions of mutation {unknown}
 f - a potion of berserk rage {unknown}
 j - 10 potions of curing {unknown}
 l - 6 potions of haste {unknown}
 n - 2 potions of might {unknown}
 o - 4 potions of degeneration {unknown}
 u - 2 potions of ambrosia {unknown}
 v - a potion of agility
 w - a potion of resistance {unknown}
 z - 3 potions of flight {unknown}
 E - 2 potions of brilliance {unknown}
 Q - 2 potions of lignification {unknown}
 R - a potion of cancellation {unknown}
Comestibles
 c - 24 rations


   Skills:
 + Level 3.2 Armour
 + Level 10.0 Dodging
 - Level 2.4 Stealth
 + Level 10.9 Spellcasting
 * Level 12.4 Conjurations
 - Level 4.0 Translocations
 * Level 12.6 Fire Magic
 - Level 4.0 Air Magic
 - Level 4.0 Poison Magic
 + Level 4.8 Invocations
 + Level 4.8 Evocations


You had 15 spell levels left.
You knew the following spells:

 Your Spells              Type           Power        Failure   Level  Hunger
a - Flame Tongue          Conj/Fire      #####        1%          1    None
b - Sticky Flame          Conj/Fire      #######.     1%          4    None
c - Fireball              Conj/Fire      #######...   1%          5    ####...
d - Blink                 Tloc           N/A          2%          2    None
e - Mephitic Cloud        Conj/Pois/Air  #####...     1%          3    None
f - Magic Dart            Conj           ####         1%          1    None
g - Searing Ray           Conj           ######       1%          2    None

Your spell library contained the following spells:

 Spells                   Type           Power        Failure   Level  Hunger
 Shock                    Conj/Air       ####         1%          1    None
 Throw Flame              Conj/Fire      ######       1%          2    None
 Conjure Flame            Conj/Fire      #######.     1%          3    None
 Dazzling Spray           Conj/Hex       #####.       1%          3    None
 Inner Flame              Hex/Fire       ######..     1%          3    None
 Ignite Poison            Fire/Tmut/Pois ######..     2%          3    None
 Fulminant Prism          Conj/Hex       #####.....   6%          4    None
 Beastly Appendage        Tmut           ##....       8%          1    None
 Corona                   Hex            ##.....      8%          1    None
 Portal Projectile        Hex/Tloc       ###...       10%         3    None
 Spider Form              Tmut/Pois      ###.......   10%         3    None
 Call Imp                 Summ           ##......     12%         2    None
 Slow                     Hex            ##......     12%         2    None
 Sticks to Snakes         Tmut           ##......     12%         2    None
 Cause Fear               Hex            ##........   58%         4    None
 Ice Form                 Ice/Tmut       ##......     58%         4    None
 Leda's Liquefaction      Hex/Erth       ##........   58%         4    None
 Blade Hands              Tmut           ##........   91%         5    ####...


Dungeon Overview and Level Annotations

Branches:
Dungeon (11/15)            Temple (1/1) D:5            Lair (5/6) D:10
 Shoals (0/4) Lair:3        Snake (0/4) Lair:4
  Slime: Lair:5-6       Orc: D:9-12

Altars:
Ashenzari
Cheibriados
Dithmenos
Elyvilon
Fedhas
Gozag
Hepliaklqana
Kikubaaqudgha
Makhleb
Nemelex Xobeh
Okawaru
Qazlal
Ru
Sif Muna
Trog
Uskayaw
Vehumet
Wu Jian
Xom
Yredelemnul
Zin
The Shining One

Shops:
D:9 *

Annotations:
D:4 1 runed translucent door, TheOvate's ghost, amateur HaAs
Lair:1 3 runed translucent doors, Gaatiu's ghost, journeyman TrMo


Message History

The bolt of magma hits you. You partially resist.
The salamander mystic hits you with a +1 battleaxe of flaming.
You are engulfed in flames.
You resist.
Casting: Searing Ray (safe; 1% risk of failure)
Confirm with . or Enter, or press ? or * to list all spells.
Aiming: Searing Ray (safe; 1% risk of failure)
Press: ? - help, Shift-Dir - straight line, f - molten gargoyle, p - salamander mystic
Aim: a molten gargoyle, wielding a +0 mace (almost destroyed)
The searing ray hits the molten gargoyle but does no damage.
The molten gargoyle is almost destroyed. (Press . to maintain the ray.)
The molten gargoyle hits you with a +0 mace!
You are engulfed in flames.
You resist.
* * * LOW HITPOINT WARNING * * *
Unknown command.
The searing ray hits the molten gargoyle but does no damage.
The molten gargoyle is almost destroyed.
The salamander mystic casts a spell at you.
The bolt of magma hits you!! You partially resist.
You die...

.# ..# ..# ###### #'#
.....#### ######.#
........#### ##...##.###
≈§§≈.....)8###...N#..8.#
≈§§≈≈...(..).'..@9'.._.#
§§≈≈≈§...)8###....#..8.#
≈≈≈≈§§....## ##...##.###
≈§≈≈≈§....## ######.#
≈§≈≈≈≈§§...# #'#
§≈≈≈§§≈≈...### .)#
≈≈≈≈§§≈≈≈....# ..#
≈≈≈≈§§§≈≈....# ..#
§§≈§§§≈§....## .###


You could see a salamander mystic and a molten gargoyle.

Vanquished Creatures
  Gastronok (D:10)
  A catoblepas (Lair:5)
  2 hydras
  2 two-headed ogres (D:8)
  An unseen horror (D:10)
  An ugly thing (D:10)
  3 salamanders (Volcano)
  An oklob plant (Lair:3)
  A black mamba (Lair:1)
  6 elephants
  5 spiny frogs
  A gargoyle (Volcano)
  2 komodo dragons
  A troll (D:10)
  11 blink frogs
  Prince Ribbit (D:9)
  3 hippogriffs
  A wyvern (Lair:4)
  8 yaks
  A steam dragon (D:9)
  2 basilisks
  6 fire bats (Volcano)
  A hungry ghost (D:7)
  10 water moccasins
  4 porcupines
  4 ice beasts
  3 orc warriors
  3 phantoms
  4 black bears
  4 ogres
  2 necrophages
  2 sky beasts
  3 centaurs
  10 wolves
  5 crocodiles
  2 big kobolds (D:9)
  13 bullfrogs
  A wyvern zombie (D:6)
  A water moccasin zombie (D:8)
  2 scorpions (D:10)
  6 killer bees (D:7)
  5 wights (D:10)
  3 howler monkeys (D:7)
  6 electric eels
  6 lava snakes (Volcano)
  9 crimson imps
  11 hounds
  2 centaur zombies
  3 jellies
  A gnoll shaman (D:8)
  5 orc priests
  2 bullfrog skeletons (D:7)
  2 iguanas
  Ijyb (D:4)
  20 orc wizards
  9 worker ants
  A hell rat (D:5)
  A hound skeleton (D:8)
  A howler monkey skeleton (D:9)
  7 gnolls
  4 worker ant zombies
  16 adders
  6 river rats (D:5)
  3 shadow imps
  3 oozes
  3 adder zombies
  3 worms
  3 dart slugs (D:2)
  5 leopard geckos
  69 orcs
  3 ball pythons
  5 giant cockroaches
  7 goblins
  4 hobgoblins
  10 jackals
  7 quokkas
  6 bats
  5 frilled lizards
  18 kobolds
  A leopard gecko skeleton (D:4)
  2 quokka skeletons
  18 rats
  A bush (Lair:5)
438 creatures vanquished.

Vanquished Creatures (collateral kills)
  3 elephants (Lair:4)
  A komodo dragon (Lair:4)
4 creatures vanquished.

Vanquished Creatures (others)
  A fungus (Lair:4)
  2 plants (Lair:1)
3 creatures vanquished.

Grand Total: 445 creatures vanquished

Notes
Turn   | Place    | Note
-------+----------+-------------------------------------------
     0 | D:1      | Hasart the Deep Elf Fire Elementalist began the quest for
                  | the Orb.
     0 | D:1      | Reached XP level 1. HP: 10/10 MP: 6/6
   252 | D:1      | Reached XP level 2. HP: 12/15 MP: 5/8
  1012 | D:2      | Reached XP level 3. HP: 18/19 MP: 2/9
  1654 | D:2      | Reached XP level 4. HP: 24/24 MP: 7/11
  1749 | D:2      | Found a faded altar of an unknown god.
  2378 | D:3      | Reached XP level 5. HP: 28/28 MP: 9/12
  2711 | D:3      | Reached skill level 5 in Fire Magic
  2808 | D:4      | Learned a level 4 spell: Sticky Flame
  2814 | D:4      | Learned a level 5 spell: Fireball
  3076 | D:4      | Found a runed translucent door.
  3076 | D:4      | Noticed TheOvate's ghost (amateur HaAs)
  3145 | D:4      | Reached XP level 6. HP: 32/32 MP: 10/14
  3154 | D:4      | HP: 1/32 [orc priest/+0 flail (2)]
  3830 | D:4      | Found a hide-covered altar of Uskayaw.
  3835 | D:4      | Noticed Ijyb
  3843 | D:4      | Killed Ijyb
  4207 | D:4      | Found a glowing golden altar of the Shining One.
  4372 | D:4      | Reached XP level 7. HP: 34/36 MP: 11/16
  4878 | D:5      | Entered Level 5 of the Dungeon
  4910 | D:5      | Reached skill level 5 in Spellcasting
  4910 | D:5      | Reached skill level 5 in Conjurations
  4990 | D:5      | Found a glowing golden altar of the Shining One.
  5041 | D:5      | Found a staircase to the Ecumenical Temple.
  5054 | Temple   | Entered the Ecumenical Temple
  5337 | D:5      | Found a shimmering altar of Xom.
  5359 | D:5      | Reached skill level 5 in Dodging
  5516 | D:5      | Reached XP level 8. HP: 41/41 MP: 13/18
  5838 | D:5      | Found an ancient bone altar of Kikubaaqudgha.
  6060 | D:5      | Found the +2 ratskin cloak {+Rats rPois rN+ Str-1 Int-1
                  | Dex+1}
  6701 | D:6      | Got a transparent long sword
  6703 | D:6      | Identified the +7 long sword of Dullness {freeze, rPois rF+
                  | Dex+4 Stlth-} (You found it on level 6 of the Dungeon)
  6816 | D:6      | Reached XP level 9. HP: 30/45 MP: 9/21
  7159 | D:6      | Learned a level 2 spell: Blink
  7163 | D:6      | Learned a level 3 spell: Mephitic Cloud
  7192 | D:6      | Learned a level 1 spell: Magic Dart
  8072 | D:7      | Found a sparkling altar of Nemelex Xobeh.
  8488 | D:7      | Reached XP level 10. HP: 36/50 MP: 12/24
  8591 | D:7      | Identified the Volume of Cankerous Conjuration
  8987 | D:8      | Noticed a two-headed ogre
  8990 | D:8      | Killed a two-headed ogre
  8990 | D:8      | Reached skill level 10 in Fire Magic
  9327 | D:8      | Noticed a two-headed ogre
  9335 | D:8      | Killed a two-headed ogre
  9335 | D:8      | Reached skill level 10 in Conjurations
  9459 | D:8      | Got a polished buckler
  9460 | D:8      | Identified the cursed +0 buckler "Nerchauz" {*Slow rF+
                  | Str+4} (You found it on level 8 of the Dungeon)
  9811 | D:9      | Found Gozag's Platinum Reserve.
  9814 | D:9      | Found an opulent altar of Gozag.
 10024 | D:9      | Found a shattered altar of Ashenzari.
 10027 | D:9      | Found a deep blue altar of Sif Muna.
 10032 | D:9      | Became a worshipper of Sif Muna the Loreminder
 10053 | D:9      | Found a sacrificial altar of Ru.
 10136 | D:9      | Reached skill level 1 in Translocations
 10136 | D:9      | Reached skill level 1 in Poison Magic
 10230 | D:9      | Noticed Prince Ribbit
 10238 | D:9      | Killed Prince Ribbit
 10238 | D:9      | Reached skill level 1 in Air Magic
 10661 | D:9      | Found a burning altar of Makhleb.
 10819 | D:10     | Entered Level 10 of the Dungeon
 10884 | D:10     | Reached * piety under Sif Muna
 10907 | D:10     | Noticed Gastronok
 10908 | D:10     | Noticed a cyan ugly thing
 10924 | D:10     | Killed Gastronok
 10924 | D:10     | Reached skill level 1 in Invocations
 10924 | D:10     | Reached skill level 1 in Evocations
 10924 | D:10     | Reached XP level 11. HP: 38/54 MP: 1/26
 11305 | D:10     | Noticed an unseen horror
 11312 | D:10     | Killed an unseen horror
 11471 | D:10     | Reached ** piety under Sif Muna
 11635 | D:10     | Killed a cyan ugly thing
 12054 | D:10     | Found a staircase to the Lair.
 12138 | D:11     | Noticed a cyan ugly thing
 12233 | Lair:1   | Entered Level 1 of the Lair of Beasts
 12322 | D:10     | Reached skill level 1 in Armour
 12481 | Lair:1   | Noticed Gaatiu's ghost (journeyman TrMo)
 12665 | Lair:1   | Reached skill level 10 in Spellcasting
 12865 | Lair:1   | Reached *** piety under Sif Muna
 12865 | Lair:1   | Reached XP level 12. HP: 41/59 MP: 18/28
 12896 | Lair:1   | Found a runed translucent gate.
 12897 | Lair:1   | Found a runed translucent gate.
 12898 | Lair:1   | Found a runed translucent gate.
 13649 | Lair:2   | Noticed a four-headed hydra
 13653 | Lair:2   | Killed a four-headed hydra
 14600 | Lair:3   | Found a staircase to the Shoals.
 14600 | Lair:3   | You fall through a shaft for 2 floors!
 14617 | Lair:5   | Noticed a six-headed hydra
 14623 | Lair:5   | Killed a six-headed hydra
 14637 | Lair:5   | Reached **** piety under Sif Muna
 14735 | Lair:5   | Noticed a catoblepas
 14754 | Lair:5   | Killed a catoblepas
 14891 | Lair:5   | Got a translucent ring mail
 14892 | Lair:5   | Identified the +3 ring mail of Hocusmar {rC- rN+ Regen+
                  | Str+5} (You found it on level 5 of the Lair of Beasts)
 15179 | Lair:4   | Found a dark tunnel.
 15185 | Volcano  | Entered a volcano
 15189 | Volcano  | Learned a level 2 spell: Searing Ray
 15298 | Volcano  | Reached skill level 10 in Dodging
 15423 | Volcano  | Reached XP level 13. HP: 30/63 MP: 11/29
 15515 | Volcano  | Found a radiant altar of Vehumet.
 15543 | Volcano  | Killed from afar by a salamander mystic

Levels and vault maps discovered:
D:1:      psy_arrival_basics, layout_loops_cross
D:2:      layout_loops_ring, chequers_ecumenical_altar_simple
D:3:      cheibrodos_old_hovel, layout_loops_ring, first_ration
D:4:      layout_loops_ring, overflow_temple_1_default,
          eat_drink_and_be_merry_uskayaw, gammafunk_ghost_grave, uniq_ijyb
D:5:      wander_guarded_unrand_ratskin, layout_loops_ring,
          nicolae_overflow_crystal_walls, minmay_temple_entry_overgrown,
          basic_altar, chequers_avenue, supply_closet_lemuel,
          nicolae_tso_swordbearing_angel
D:6:      layout_rooms
D:7:      minmay_the_grid_octo_tiled_squarecenter [minmay_the_grid_octo_clover,
          minmay_the_grid_octo_chip, minmay_the_grid_octo_vomiting_pacman,
          minmay_the_grid_octo_thin_diamonds,
          minmay_the_grid_square_5x5_megaprize_hollow,
          minmay_the_grid_square_5x5_meh, minmay_the_grid_square_5x5_two,
          minmay_the_grid_square_5x5_hourglass,
          minmay_the_grid_square_5x5_tri_point], layout_basic,
          kennysheep_mini_moat
D:8:      layout_basic
D:9:      layout_gridville, minitemple, basic_altar, minivault_5,
          nicolae_gozag_zags_fifth_avenue, uniq_prince_ribbit1
D:10:     layout_roguey, erik_lair_island, uniq_gastronok
D:11:     layout_loops_ring, serial_shops, nicolae_shop_trees
Temple:   minmay_freezing_vapour_temple
Lair:1:   layout_misc_corridors, gammafunk_ghost_icy
Lair:2:   layout_gridlike, serial_bayou_shore_a, lemuel_fruit_tree
Lair:3:   layout_gridlike, minmay_shoals_entry_beasts,
          chequers_serial_rivers_small_a, minivault_24, serial_bayou_lagoon_b
Lair:4:   layout_roguey, minmay_snake_entry_guardpost_small,
          nicolae_volcano_entry_s_turn
Lair:5:   layout_misc_corridors
Volcano:  volcano_grotto [vgs_original]

Skill      XL: |  1  2  3  4  5  6  7  8  9 10 11 12 |
---------------+-------------------------------------+-----
Conjurations   | 2 3 4 5 7 9 10 11 12 | 12.4
Fire Magic     | 4 5 6 8 9 11 12 | 12.6
Dodging        | 3 4 5 6 7 8 9 10 | 10.0
Spellcasting   | 4 5 6 8 9 10 | 10.9
Translocations | 2 3 4 |  4.0
Poison Magic   | 2 3 4 |  4.0
Air Magic      | 2 3 4 |  4.0
Invocations    | 1 3 4 |  4.8
Evocations     | 1 3 4 |  4.8
Armour         | 1 3 |  3.2
Stealth        | |  2.4

Action                   |  1- 3 |  4- 6 |  7- 9 | 10-12 | 13-15 || total
-------------------------+-------+-------+-------+-------+-------++-------
Melee: Short sword       |     5 |     6 |       |       |       ||    11
       Dagger            |       |    38 |    34 |       |       ||    72
       Long sword        |       |       |    12 |    64 |       ||    76
 Cast: Flame Tongue      |    58 |   117 |   221 |   251 |       ||   647
       Sticky Flame      |       |     4 |    32 |    77 |       ||   113
       Fireball          |       |     1 |    12 |    89 |     1 ||   103
       Magic Dart        |       |       |     5 |       |       ||     5
       Mephitic Cloud    |       |       |     1 |     4 |     1 ||     6
       Blink             |       |       |       |     8 |       ||     8
       Searing Ray       |       |       |       |    21 |     7 ||    28
Invok: Divine Energy     |       |       |       |     1 |       ||     1
       Stop Divine Energ |       |       |       |     1 |       ||     1
       Channel Magic     |       |       |       |     2 |       ||     2
 Abil: Evoke Ratskin     |       |       |       |     3 |       ||     3
Evoke: Wand              |       |       |       |     4 |       ||     4
  Use: Scroll            |       |     1 |     2 |    19 |       ||    22
 Stab: Sleeping          |     2 |     1 |       |       |       ||     3
  Eat: Chunk             |     1 |    10 |    17 |    22 |       ||    50
       Ration            |       |       |     1 |     5 |       ||     6
Armor: Robe              |     1 |     9 |    18 |    22 |       ||    50
       Troll leather arm |       |       |       |    34 |     2 ||    36
Dodge: Dodged            |    25 |    57 |   123 |   240 |    11 ||   456
       Rpst.: Long sword |       |       |    21 |    63 |       ||    84

Table legend:
 A = Non-vault XP
 B = Vault XP
 C = Vault XP percentage of total XP
 D = Non-vault monster count
 E = Vault monster count
 F = Vault count percentage of total count
                 A         B        C        D         E       F
            +---------+---------+-------+---------+---------+-------
      Total |   31952 |    7239 |  18.5 |     384 |      57 |  12.9
            +---------+---------+-------+---------+---------+-------
        D:1 |      24 |       0 |   0.0 |      16 |       0 |   0.0
        D:2 |     123 |       0 |   0.0 |      26 |       0 |   0.0
        D:3 |     251 |       3 |   1.2 |      30 |       1 |   3.2
        D:4 |     399 |      36 |   8.3 |      29 |       1 |   3.3
        D:5 |    1447 |     125 |   8.0 |      40 |      21 |  34.4
        D:6 |    1064 |       0 |   0.0 |      23 |       0 |   0.0
        D:7 |    1836 |     470 |  20.4 |      31 |       9 |  22.5
        D:8 |    2859 |       0 |   0.0 |      34 |       0 |   0.0
        D:9 |    1494 |     259 |  14.8 |      46 |       1 |   2.1
       D:10 |    3304 |    2930 |  47.0 |      34 |       8 |  19.0
       D:11 |     132 |       0 |   0.0 |       1 |       0 |   0.0
     Lair:1 |    5986 |       0 |   0.0 |      29 |       0 |   0.0
     Lair:2 |    3825 |       0 |   0.0 |      16 |       0 |   0.0
     Lair:3 |    1357 |       0 |   0.0 |       7 |       0 |   0.0
     Lair:4 |    4188 |       0 |   0.0 |      13 |       0 |   0.0
     Lair:5 |    3663 |       0 |   0.0 |       9 |       0 |   0.0
    Volcano |       0 |    3416 | 100.0 |       0 |      16 | 100.0
            +---------+---------+-------+---------+---------+-------
